 Dungeon Crawl Stone Soup version 0.30.0-19-g36f170ea60 (webtiles) character file.

Game seed: 13291659542928767259

17 cheesebisquit the Caller (level 2, -3/15 HPs)
             Began as a Tengu Summoner on May 29, 2023.
             Slain by an orc
             ... wielding a +0 trident
              (8 damage)
             ... on level 2 of the Dungeon.
             The game lasted 00:05:37 (1012 turns).

cheesebisquit the Caller (Tengu Summoner)           Turns: 1012, Time: 00:05:37

Health: -3/15      AC:  3    Str:  8    XL:     2   Next: 62%
Magic:  2/6        EV: 12    Int: 15    God:
Gold:   16         SH:  0    Dex: 14    Spells: 3/6 levels left

rFire   . . .        q - +0 spear
rCold   . . .        (no shield)
rNeg    . . .        l - +0 robe
rPois   .            (helmet restricted)
rElec   .            h - +0 cloak
rCorr   .            (no gloves)
SInv    .            (boots unavailable)
Will    .....        (no amulet)
Stlth   ++           (no ring)
HPRegen 0.22/turn    (no ring)
MPRegen 0.10/turn

%: no passive effects
@: no status effects
A: beak, talons 3
a: no special abilities


You were on level 2 of the Dungeon.
You visited 1 branch of the dungeon, and saw 2 of its levels.

You collected 16 gold pieces.

Inventory:

Hand Weapons
 a - a +0 short sword
 b - a +0 sling
 q - a +0 spear (weapon)
Missiles
 p - 5 poisoned darts
Armour
 h - a +0 cloak (worn)
 l - a +0 robe (worn)
Scrolls
 c - 2 scrolls of identify {unknown}
 f - a scroll of enchant armour {unknown}
 m - a scroll of teleportation {unknown}
 r - a scroll of poison {unknown}
 s - a scroll of vulnerability {unknown}
Potions
 d - a potion of attraction {unknown}
 e - 2 potions of flight {unknown}
 g - 2 potions of mutation {unknown}
 i - a potion of degeneration {unknown}
 j - a potion of ambrosia {unknown}
 k - 2 potions of haste {unknown}
 n - a potion of lignification {unknown}
 o - a potion of magic
 t - a potion of curing {unknown}
 u - a potion of brilliance {unknown}


   Skills:
 - Level 2.1 Dodging
 - Level 2.0 Stealth
 + Level 2.5 Spellcasting
 + Level 5.3 Summonings


You had 3 spell levels left.
You knew the following spells:

 Your Spells              Type           Power      Damage    Failure   Level
a - Summon Small Mammal   Summ           68%        N/A       2%          1
b - Call Imp              Summ           34%        N/A       3%          2

Your spell library contained the following spells:

 Spells                   Type           Power      Damage    Failure   Level
 Call Canine Familiar     Summ           17%        N/A       7%          3
 Summon Guardian Golem    Hex/Summ       9%         N/A       22%         3
 Summon Lightning Spire   Summ/Air       9%         N/A       56%         4
 Orb of Destruction       Conj           0%         9d5       100%        7
 Spellforged Servitor     Conj/Summ      4%         N/A       100%        7


Dungeon Overview and Level Annotations

Branches:
Dungeon (2/15)

Altars:


Innate Abilities, Weirdness & Mutations

You have a beak for a mouth.
You have claws for feet.


Message History

Your quokka bites the orc but does no damage.
Your cerulean imp hits the orc but does no damage.
Your bat hits the orc but does no damage.
Your bat hits the orc but does no damage.
Your quokka closely misses the orc.
Your cerulean imp hits the orc but does no damage.
Your bat hits the orc but does no damage.
Your quokka completely misses the orc.
Your cerulean imp hits the orc but does no damage.
Your bat barely misses the orc.
Your quokka bites the orc but does no damage.
Your cerulean imp barely misses the orc.
Your bat hits the orc but does no damage.
Your bat disappears in a puff of smoke!
Your quokka bites the orc.
Your cerulean imp hits the orc but does no damage.
You are too injured to fight recklessly!
Casting: Summon Small Mammal (safe; 2% risk of failure)
Press: ? - help, Q - select action, (/) - cycle Dir - look around, f - activate You swap places.
Your quokka bites the orc but does no damage.
Your quokka bites the orc.
Casting: Summon Small Mammal (safe; 2% risk of failure)
Confirm with . or Enter, or press ? or * to list all spells.
You don't have enough magic to cast this spell.
The orc closely misses you.
Your quokka bites the orc but does no damage.
Your quokka barely misses the orc.
You are too injured to fight recklessly!
Reach: q) +0 spear
Press: ? - help, Dir - move target, f - orc
Aim: an orc, wielding a +0 trident and wearing a +0 chain mail (heavily wounded, ally target, about 32% to evade your +0 spear)
You could not reach far enough!
Your quokka barely misses the orc.
The orc misses you.
Your cerulean imp hits the orc but does no damage.
Your quokka bites the orc but does no damage.
Your quokka closely misses the orc.
The orc hits you from afar with a +0 trident!
Ouch! That really hurt!
You die...

#....##.......# ....#.#.#
##.####.......#
#.#.#...####.# #.
#.......## #.#.....#.....
#.
###........###.#..#....(...
...........................
..#......5.or....# #.......
).#......o####...###.......
.........rr........#.......
..########@................
. #........ยง##......
############...... .......
..$.... #....... #.......
#.......


You could see an orc (ally target), a friendly cerulean imp (summoned) and 2
friendly quokkas.

Vanquished Creatures
  2 ball pythons (D:2)
  3 endoplasms
  2 goblins
  2 kobolds (D:1)
  A rat (D:1)
10 creatures vanquished.

Vanquished Creatures (collateral kills)
  A giant cockroach (D:1)
  A goblin (D:2)
  A bat (D:1)
  A frilled lizard (D:1)
  2 kobolds (D:1)
  A rat (D:2)
7 creatures vanquished.

Grand Total: 17 creatures vanquished

Notes
Turn   | Place    | Note
-------+----------+-------------------------------------------
     0 | D:1      | cheesebisquit the Tengu Summoner began the quest for the
                  | Orb.
     0 | D:1      | Reached XP level 1. HP: 10/10 MP: 4/4
   258 | D:1      | Reached skill level 5 in Summonings
   363 | D:1      | Reached XP level 2. HP: 15/15 MP: 3/6
   767 | D:2      | Learned a level 2 spell: Call Imp
  1012 | D:2      | Slain by an orc

Illustrated notes

Levels and vault maps discovered:
D:1:      minmay_arrival_four_circles, layout_basic, corexii_corridor_pit
D:2:      layout_rooms, basic_altar

Skill      XL: |  1 |
---------------+----+-----
Summonings     | 5 |  5.3
Dodging        | |  2.1
Stealth        | |  2.0
Spellcasting   | |  2.5

Action                     || total
---------------------------++-------
  Melee: Short sword       ||     6
         Kick              ||     4
         Unarmed           ||     1
         Peck              ||     1
         Spear             ||     8
   Fire: Sling             ||     9
   Cast: Summon Small Mamm ||    33
         Call Imp          ||     4
 Armour: Robe              ||     7
  Dodge: Dodged            ||    15
